 Seeded DCSS version 0.30.1-3-gfc49f6343a (webtiles) character file.

Game seed: 10268835917846980417 (custom seed)

2339 Cheops the Grappler (level 9, -1/85 HPs)
             Began as a Troll Fighter on Aug 7, 2023.
             Was an Initiate of Wu Jian.
             Slain by a sky beast (6 damage)
             ... on level 6 of the Dungeon.
             The game lasted 00:11:10 (8305 turns).

Cheops the Grappler (Troll Fighter)                 Turns: 8305, Time: 00:11:10

Health: -1/85      AC:  7    Str: 26    XL:     9   Next: 19%
Magic:  8/8        EV:  9    Int:  8    God:    Wu Jian [......]
Gold:   90         SH:  8    Dex:  9    Spells: 8/8 levels left

rFire   . .          .
                       - Unarmed
rCold   . . .        b - +0 kite shield
rNeg    . . .        y - +2 robe {Archmagi}
rPois   .            j - +1 hat
rElec   .            (no cloak)
rCorr   .            (gloves unavailable)
SInv    .            (boots unavailable)
Will    .....        d - amulet of the acrobat
Stlth   +            (no ring)
HPRegen 1.14/turn    (no ring)
MPRegen 0.11/turn

%: acrobat, archmagi
@: no status effects
A: large, unfitting armour, claws 3, regeneration 1, shaggy fur 1, tough skin 1
a: Renounce Religion


You were on level 6 of the Dungeon.
You worshipped Wu Jian.
Wu Jian was noncommittal.
You visited 2 branches of the dungeon, and saw 8 of its levels.

You collected 288 gold pieces.
You spent 198 gold pieces at shops.

Inventory:

Missiles
 q - a throwing net (quivered)
Armour
 a - a +0 robe
 b - a +0 kite shield (worn)
 j - a +1 hat (worn)
 y - a +2 robe of the Archmagi (worn)
Magical Staves
 l - a staff of poison
Jewellery
 d - an amulet of the acrobat (around neck)
Wands
 n - a wand of iceblast (18)
 r - a wand of flame (22)
Scrolls
 e - 3 scrolls of immolation {unknown}
 f - a scroll of teleportation {unknown}
 i - a scroll of enchant armour {unknown}
 k - a scroll of blinking {unknown}
 o - 2 scrolls of noise {unknown}
 p - a scroll of magic mapping {unknown}
 u - a scroll of torment
 x - a scroll of poison
Potions
 c - 2 potions of invisibility {unknown}
 g - 6 potions of curing
 h - 3 potions of heal wounds
 m - a potion of brilliance
 s - 3 potions of attraction
 t - a potion of ambrosia
 v - 2 potions of mutation
 w - a potion of haste
 z - a potion of cancellation {unknown}


   Skills:
 - Level 4.6 Fighting
 - Level 2.4 Dodging
 - Level 5.0 Shields
 - Level 10.4 Unarmed Combat
 + Level 1.1 Evocations


You had 8 spell levels left.
You didn't know any spells.
Your spell library contained the following spells:

 Spells                   Type           Power      Damage    Failure   Level
 Ensorcelled Hibernation  Hex/Ice        0%         N/A       77%         2
 Scorch                   Fire           0%         2d5       77%         2
 Spider Form              Tmut/Pois      0%         N/A       94%         3
 Anguish                  Hex/Necr       0%         N/A       100%        4
 Flame Wave               Conj/Fire      0%         2d4       100%        4
 Summon Cactus Giant      Summ           0%         N/A       100%        6


Dungeon Overview and Level Annotations

Branches:
Dungeon (7/15)             Temple (1/1) D:5

Altars:
Ashenzari
Elyvilon
Fedhas
Gozag
Hepliaklqana
Kikubaaqudgha
Makhleb
Nemelex Xobeh
Okawaru
Qazlal
Sif Muna
Trog
Uskayaw
Vehumet
Wu Jian
Xom
Yredelemnul
The Shining One

Shops:
D:2 !   D:5 (


Innate Abilities, Weirdness & Mutations

You are too large for most types of armour.
You have claws for hands.
Your natural rate of healing is unusually fast.
You are covered in fur. (AC +1)
You have tough skin. (AC +1)


Message History

You kill the shadow imp!
The Council accepts your kill. You block something's attack.
Something hits you.
* * * LOW HITPOINT WARNING * * *
Something shocks you.
* * * LOW HITPOINT WARNING * * *
Something hits you but does no damage.
You scratch something.
A sky beast appears from thin air!
Reactivating autopickup.
You block the sky beast's attack. Something hits you but does no damage.
Deactivating autopickup; reactivate with Ctrl-A.
You scratch the sky beast.
The sky beast is lightly wounded.
The sky beast hits you but does no damage.
Something hits you.
* * * LOW HITPOINT WARNING * * *
Something shocks you.
* * * LOW HITPOINT WARNING * * *
You barely miss the sky beast.
The sky beast is lightly wounded.
The sky beast barely misses you. Something hits you.
* * * LOW HITPOINT WARNING * * *
Something shocks you.
* * * LOW HITPOINT WARNING * * *
You mangle the sky beast!!
The sky beast is almost dead.
The sky beast hits you.
* * * LOW HITPOINT WARNING * * *
The sky beast shocks you.
* * * LOW HITPOINT WARNING * * *
Something hits you.
* * * LOW HITPOINT WARNING * * *
Something shocks you.
* * * LOW HITPOINT WARNING * * *
You closely miss the sky beast.
The sky beast is almost dead.
The sky beast barely misses you. Something hits you.
* * * LOW HITPOINT WARNING * * *
Something shocks you.
You die...

####### ##### #.....# #..[#
#@Y...# #...# #.>...# #...#
#.....############ #...#
#......#..#.#..... #...#
#.........#....... #...#######
#......._.#.......
#.........###.........#.......
#)..#..............#..#.......
#...####..##..###..####.......


You could see a sky beast.

Vanquished Creatures
  Grinder (D:6)
  A hornet (D:6)
  Eustachio (D:4)
  A steam dragon (D:6)
  A black bear (D:6)
  An orc warrior (D:5)
  3 ogres
  A centaur (D:6)
  A phantom (D:5)
  Blork the orc (D:4)
  3 bullfrogs
  2 scorpions (D:5)
  3 wights (D:6)
  A hound (D:4)
  2 jellies (D:5)
  Jessica (D:3)
  An iguana (D:5)
  Natasha (thrice) (D:4)
  2 orc wizards
  4 gnolls (D:3)
  12 adders
  A shadow imp (D:6)
  3 white imps
  2 ufetubi
  2 worms
  4 dart slugs
  7 orcs
  3 bats (D:1)
  9 endoplasms
  3 giant cockroaches
  10 goblins
  3 hobgoblins
  2 jackals (D:1)
  8 kobolds
  5 quokkas
  7 ball pythons
  3 frilled lizards
  11 rats
129 creatures vanquished.

Notes
Turn   | Place    | Note
-------+----------+-------------------------------------------
     0 | D:1      | Cheops the Troll Fighter began the quest for the Orb.
     0 | D:1      | Reached XP level 1. HP: 22/22 MP: 0/0
    74 | D:1      | Reached XP level 2. HP: 29/29 MP: 1/1
   113 | D:1      | Reached skill level 3 in Unarmed Combat
   218 | D:1      | Reached XP level 3. HP: 36/36 MP: 2/2
   428 | D:2      | Found Nywunuuj's Distillery.
   443 | D:2      | Reached skill level 4 in Unarmed Combat
   620 | D:2      | Reached XP level 4. HP: 44/44 MP: 3/3
   709 | D:2      | You fall into a shaft and drop 2 floors!
   748 | D:4      | Found a stormy altar of Qazlal.
   782 | D:4      | Noticed Blork the orc
   794 | D:4      | Killed Blork the orc
   795 | D:4      | Reached skill level 5 in Unarmed Combat
   795 | D:4      | Reached XP level 5. HP: 29/50 MP: 4/4
   818 | D:4      | Noticed Eustachio
   824 | D:4      | Killed Eustachio
   825 | D:4      | Reached skill level 6 in Unarmed Combat
   825 | D:4      | Reached XP level 6. HP: 51/59 MP: 5/5
   850 | D:4      | Reached skill level 7 in Unarmed Combat
  1061 | D:2      | Bought a potion of curing for 33 gold pieces
  1181 | D:2      | Found a white marble altar of Elyvilon.
  1676 | D:3      | Found a basalt altar of Yredelemnul.
  1935 | D:3      | Noticed Jessica
  1944 | D:3      | Reached XP level 7. HP: 66/66 MP: 6/6
  2377 | D:2      | Bought a potion of heal wounds for 55 gold pieces
  2836 | D:2      | Found a white marble altar of Elyvilon.
  3309 | D:2      | Identified the +1 leather armour "Yrablel" {rC+ rN+}
  3484 | D:3      | Killed Jessica
  3646 | D:3      | Found a basalt altar of Yredelemnul.
  4394 | D:4      | Noticed Natasha
  4398 | D:4      | Killed Natasha
  4399 | D:4      | Reached skill level 8 in Unarmed Combat
  4401 | D:4      | Found a glowing golden altar of the Shining One.
  4796 | D:4      | Noticed Natasha
  4800 | D:4      | Killed Natasha
  4864 | D:4      | Found a stormy altar of Qazlal.
  4925 | D:4      | Noticed Natasha
  4932 | D:4      | Killed Natasha
  5053 | D:4      | Found a glowing golden altar of the Shining One.
  5496 | D:2      | Bought a potion of haste for 110 gold pieces
  5549 | D:5      | Entered Level 5 of the Dungeon
  5682 | D:5      | Found Pomoobu's Weapon Shoppe.
  5777 | D:5      | Reached XP level 8. HP: 70/75 MP: 7/7
  5808 | D:5      | Found a staircase to the Ecumenical Temple.
  5888 | D:5      | Found a broken altar of Ashenzari.
  5998 | Temple   | Entered the Ecumenical Temple
  6139 | Temple   | Became a worshipper of the Wu Jian Council
  6637 | D:5      | Found Pomoobu's Weapon Shoppe.
  6686 | D:5      | Found a staircase to the Ecumenical Temple.
  6897 | D:5      | Found a broken altar of Ashenzari.
  7231 | D:6      | Found a blossoming altar of Fedhas.
  7238 | D:6      | Reached skill level 9 in Unarmed Combat
  7275 | D:6      | Found a hide-covered altar of Uskayaw.
  7381 | D:6      | Noticed a hornet
  7389 | D:6      | Killed a hornet
  7424 | D:6      | Noticed Grinder
  7489 | D:6      | Reached skill level 10 in Unarmed Combat
  7535 | D:5      | Reached XP level 9. HP: 70/85 MP: 8/8
  7554 | D:6      | Paralysed by Grinder for 2 turns
  7562 | D:6      | Killed Grinder
  7563 | D:6      | Reached skill level 5 in Shields
  7699 | D:6      | Found a shimmering altar of Xom.
  7782 | D:6      | Found a burning altar of Makhleb.
  7913 | D:6      | Found a hide-covered altar of Uskayaw.
  7954 | D:6      | Found a shimmering altar of Xom.
  8021 | D:6      | Found a burning altar of Makhleb.
  8140 | D:6      | Found a blossoming altar of Fedhas.
  8290 | D:7      | Reached skill level 1 in Evocations
  8305 | D:6      | Slain by a sky beast

Illustrated notes

Levels and vault maps discovered:
D:1:      psy_arrival_dodecagon, layout_rooms, minmay_cupped
D:2:      layout_basic, serial_shops, nicolae_shop_getting_attention,
          basic_altar, minmay_misc_feat_alley, nrook_uturn, minmay_door_square,
          minmay_bisected
D:3:      layout_basic, overflow_temple_1_default, uniq_jessica
D:4:      layout_loops_ring, nicolae_qazlal_general_emergency,
          mainiacjoe_overflow_alcove_2, uniq_blork_the_orc, uniq_natasha,
          uniq_eustachio
D:5:      layout_basic, mainiacjoe_overflow_six_doors_small,
          minmay_temple_entry_tees, serial_shops, nicolae_shop_tiny_waterfront
D:6:      layout_rooms, fedhas_altar_1, mainiacjoe_overflow_24_doors,
          mainiacjoe_overflow_alcove_1, mainiacjoe_overflow_cross_hatched,
          minmay_misc_feat_room, uniq_grinder
D:7:      layout_rooms, hangedman_ru_absence, guppyfry_early_elven_hall,
          uniq_duvessa
Temple:   hellmonk_temple_beads

Skill      XL: |  1  2  3  4  5  6  7  8  9 |
---------------+----------------------------+-----
Unarmed Combat | 3 4 5 6 7 8 10 | 10.4
Shields        | 3 4 5 |  5.0
Fighting       | 3 4 |  4.6
Evocations     | 1 |  1.1
Dodging        | |  2.4

Action                     |  1- 3 |  4- 6 |  7- 9 || total
---------------------------+-------+-------+-------++-------
  Melee: Unarmed           |    94 |    86 |   165 ||   345
Ability: Lunge             |       |       |     6 ||     6
  Evoke: Wand              |       |       |     2 ||     2
    Use: Potion            |       |     1 |     2 ||     3
         Scroll            |       |       |     6 ||     6
   Stab: Sleeping          |       |       |     1 ||     1
 Armour: Robe              |    26 |    15 |    41 ||    82
  Dodge: Dodged            |    25 |    14 |    46 ||    85
  Block: Kite shield       |    30 |    23 |    47 ||   100
